 Dungeon Crawl Stone Soup version 0.24.1-14-gf8d2b509d9 (webtiles) character file.

Game seed: 2283715204501442587, levelgen mode: deterministic

44 Foxy the Shooter (level 3, 29/29 HPs)
             Began as a Centaur Hunter on Mar 25, 2024.
             Quit the game on level 1 of the Dungeon on Mar 31, 2024.
             The game lasted 00:01:45 (1353 turns).

Foxy the Shooter (Centaur Hunter)                   Turns: 1353, Time: 00:01:46

Health: 29/29      AC:  4    Str: 14    XL:     3   Next: 39%
Magic:  3/3        EV:  9    Int: 10    God:
Gold:   19         SH:  0    Dex: 10    Spells: 2/2 levels left

rFire    . . .     SeeInvis .   n - +3 dagger
rCold    . . .     Gourm    .   (no shield)
rNeg     . . .     Faith    .   c - +0 leather armour
rPois    .         Spirit   .   (no helmet)
rElec    .         Reflect  .   (no cloak)
rCorr    .         Harm     .   (no gloves)
MR       .....                  (no barding)
Stlth    +.........             (no amulet)
HPRegen  0.09/turn              (no ring)
MPRegen  0.08/turn              (no ring)

@: very quick
A: large, hooves 3, deformed body, speed 2, tough skin 3
a: no special abilities


You were on level 1 of the Dungeon.
You were very hungry.

You visited 1 branch of the dungeon, and saw 1 of its levels.

You collected 19 gold pieces.

Inventory:

Hand Weapons
 a - a +1 shortbow
 n - a +3 dagger (weapon)
Missiles
 d - 12 arrows
Armour
 c - a +0 leather armour (worn)
Scrolls
 e - a scroll of amnesia {unknown}
 g - a scroll of random uselessness {unknown}
 l - a scroll of magic mapping {unknown}
Potions
 h - a potion of flight {unknown}
 i - a potion of lignification {unknown}
 j - a potion of curing {unknown}
 k - a potion of haste {unknown}
 m - a potion of resistance {unknown}
Comestibles
 f - 2 rations


   Skills:
 + Level 2.1 Fighting
 * Level 6.7 Bows
 + Level 0.3 Armour
 - Level 1.3 Dodging
 - Level 0.4 Stealth


You had 2 spell levels left.
You didn't know any spells.
Your spell library was empty.

Dungeon Overview and Level Annotations

Branches:
Dungeon (1/15)

Altars:


Innate Abilities, Weirdness & Mutations

You have hooves in place of feet.
Armour fits poorly on your strangely shaped body.
You cover ground very quickly.
You have extremely tough skin. (AC +3)


Message History

You hit the bush but do no damage. You kick the bush.
The bush is almost destroyed.
You hit the bush but do no damage.
The bush is almost destroyed.
You hit the bush.
You destroy the bush!
d - 12 arrows (gained 1)
Okay, then.
Unknown command.
Welcome back, Foxy the Centaur Hunter.
Press ? for a list of commands and other information.
There is an open door here.
You see here a leopard gecko skeleton.
Things that are here:
a +0 short sword; a frilled lizard skeleton; a kobold skeleton
Things that are here:
a cursed -1 club; a rat skeleton Partly explored, can't reach some items.
Partly explored, can't reach some items.
Are you sure you want to abandon this character and quit the game? (Confirm with "yes".)

#.######## #........#
#########...# #.......#.#.#
#####.#####.#.#.#
#.........#.#.###
##.8.....8.#.#.##
#..........#....#
#.........@#....#
#....>....).....#
#.........÷÷....#
#..........###+## ######
#..8.....8.....# #.....
#.........)##### #.....
#............# #.....
############.#########.....
#...........†...


There were no monsters in sight!

Vanquished Creatures
  A dart slug (D:1)
  A leopard gecko (D:1)
  7 bats (D:1)
  4 giant cockroaches (D:1)
  6 goblins (D:1)
  3 hobgoblins (D:1)
  3 jackals (D:1)
  3 kobolds (D:1)
  A frilled lizard (D:1)
  9 rats (D:1)
  2 bushes (D:1)
40 creatures vanquished.

Notes
Turn   | Place    | Note
-------+----------+-------------------------------------------
     0 | D:1      | Foxy the Centaur Hunter began the quest for the Orb.
     0 | D:1      | Reached XP level 1. HP: 17/17 MP: 1/1
   185 | D:1      | Reached XP level 2. HP: 21/24 MP: 2/2
   235 | D:1      | Reached skill level 6 in Bows
   804 | D:1      | Reached XP level 3. HP: 28/29 MP: 3/3
  1353 | D:1      | Quit the game

Levels and vault maps discovered:
D:1:      dpeg_arrival_subterranean_lakeside_camping, layout_basic, st_stairs_1,
          minmay_hedge_maze

Skill      XL: |  1  2 |
---------------+-------+-----
Bows           | 6 |  6.7
Fighting       | |  2.1
Armour         | |  0.3
Dodging        | |  1.3
Stealth        | |  0.4

Action                   || total
-------------------------++-------
Melee: Short sword       ||    17
       Dagger            ||   262
       Kick              ||   114
 Fire: Shortbow          ||    43
Armor: Leather armour    ||    59
Dodge: Dodged            ||    59
